Map: Waterfall

Players

Cham - Winner!

  • Race: Zerg Zerg
  • Spawn Location: 7:00

Has

  • Race: Protoss Protoss
  • Spawn Location: 1:00

Event: DreamHack SC2 Masters 2022 Atlanta (Offline)

VOD

Have the link to the VOD?

Description

Time

  • Played on: Nov. 18, 2022, 8:36 p.m.
  • Length: 12:10

All games in this series

Show
View Real Time Build Order
Export as new Build Order

Cham Zerg - Winner!

Build Orders: Hatch First, Zergling Baneling 

Get SALT Encoding   

  12  0:00  Drone  
  13  0:12  Overlord  
  13  0:18  Drone  
  14  0:30  Drone x2  
  16  0:48  Hatchery  
  15  0:52  Drone  
  15  0:55  Drone  
  17  1:10  Spawning Pool  
  16  1:15  Drone  
  16  1:17  Drone  
  18  1:20  Drone  
  19  1:33  Extractor  
  19  1:35  Drone  
  19  1:40  Drone  
  20  1:49  Overlord  
  20  1:58  Queen  
  20  1:59  Queen  
  24  2:03  Drone  
  24  2:04  Drone  
  26  2:11  Drone x2  
  28  2:30  Hatchery  
  28  2:34  Drone x2  
  29  2:38  Metabolic Boost  
  29  2:46  Queen  
  31  2:51  Overlord  
  31  2:55  Overlord  
  31  3:09  Queen  
  31  3:10  Drone x3  
  36  3:14  Drone x2  
  36  3:15  Drone  
  36  3:17  Drone  
  40  3:21  Drone x2  
  40  3:26  Overlord  
  42  3:29  Drone x2  
  44  3:40  Overlord  
  44  3:43  Drone x2  
  48  3:49  Drone x2  
  48  3:50  Baneling Nest  
  48  3:51  Zergling x2  
  48  3:53  Zergling x4  
  52  3:56  Zergling x2  
  52  4:01  Zergling x6, Roach Warren, Extractor  
  52  4:05  Overlord  
  52  4:07  Zergling x2  
  52  4:09  Zergling x4  
  55  4:14  Zergling x4  
  55  4:15  Zergling x2  
  58  4:19  Overlord  
  58  4:23  Zergling x6  
  61  4:29  Zergling x4  
  63  4:33  Zergling x2  
  63  4:36  Overlord  
  63  4:37  Zergling x6  
  63  4:38  Zergling x2  
  68  4:39  Baneling x2  
  68  4:40  Baneling  
  68  4:41  Baneling x2  
  68  4:43  Baneling x2  
  68  4:44  Baneling x2  
  68  4:50  Zergling x6  
  68  4:51  Baneling x2  
  64  5:03  Zergling x14  
  64  5:10  Zergling x8  
  63  5:15  Drone x3  
  63  5:19  Roach  
  68  5:22  Drone x2  
  68  5:27  Lair  
  70  5:30  Roach  
  70  5:31  Roach  
  70  5:34  Roach  
  76  5:37  Overlord  
  76  5:40  Roach  
  78  5:44  Roach  
  78  5:46  Baneling x3  
  80  5:50  Zergling x4  
  80  5:51  Zergling x6  
  84  6:01  Zergling x2  
  84  6:02  Zergling x8  
  76  6:12  Roach x4  
  76  6:14  Roach  
  77  6:22  Roach x2  
  77  6:24  Roach  
  77  6:26  Zergling x2  
  77  6:27  Roach  
  77  6:31  Roach  
  66  6:41  Roach  
  66  6:42  Zergling x4, Roach  
  66  6:43  Queen x2  
  66  6:45  Zergling x2, Roach  
  77  6:47  Zergling x2  
  77  6:51  Roach  
  72  6:55  Zergling x4  
  72  6:56  Zergling x2  
  68  7:04  Zergling x4  
  68  7:06  Baneling  
  68  7:08  Zergling x2  
  66  7:12  Zergling x2  
  66  7:13  Zergling x2  
  63  7:16  Zergling x2  
  63  7:21  Zergling x4  
  63  7:22  Roach  
  57  7:23  Roach  
  57  7:26  Zergling x2  
  55  7:32  Roach x2  
  55  7:35  Zergling x2  
  56  7:37  Zergling x2  
  56  7:39  Zergling x2  
  56  7:43  Zergling x2  
  53  7:46  Zergling x2  
  53  7:48  Zergling x2  
  52  7:56  Roach  
  51  8:00  Roach x2  
  51  8:09  Roach  
  51  8:10  Zergling x4  
  55  8:15  Zergling x2  
  55  8:17  Zergling x2  
  57  8:23  Zergling x2  
  57  8:28  Queen  
  57  8:32  Drone x3  
  62  8:34  Baneling x2  
  62  8:39  Baneling  
  62  8:41  Drone x2  
  62  8:43  Drone  
  62  8:45  Baneling  
  65  8:48  Drone  
  65  8:51  Drone  
  65  8:54  Baneling  
  67  9:02  Zergling x8  
  69  9:09  Drone x3  
  72  9:10  Drone  
  72  9:14  Overlord  
  72  9:19  Zergling x4, Drone  
  75  9:27  Overlord  
  75  9:29  Roach  
  75  9:30  Drone  
  75  9:31  Drone  
  78  9:35  Roach  
  80  9:39  Drone  
  80  9:41  Glial Reconstitution  
  80  9:43  Zergling x4  
  83  9:47  Drone  
  83  9:51  Extractor  
  82  9:53  Roach x2  
  82  9:57  Roach  
  82  9:59  Roach  
  90  10:06  Roach  
  92  10:10  Roach  
  92  10:16  Roach, Overlord x2  
  92  10:17  Drone x2  
  96  10:23  Zergling x4, Roach x2  
  96  10:27  Drone x2  
  104  10:31  Drone  
  105  10:36  Roach x3  
  105  10:41  Roach  
  105  10:42  Roach  
  115  10:44  Overlord  
  115  10:47  Overlord  
  115  10:50  Roach  
  115  10:53  Overlord  
  115  10:55  Roach  
  119  10:57  Baneling  
  119  10:58  Baneling x2  
  119  11:00  Zergling x2  
  119  11:01  Zergling x2  
  119  11:03  Roach  
  123  11:07  Roach x2  
  123  11:10  Baneling x2  
  127  11:11  Zergling x4  
  127  11:14  Baneling  
  127  11:15  Zergling x4  
  131  11:19  Zergling x4  
  113  11:32  Zergling x2  
  113  11:35  Zergling x2  
  113  11:36  Zergling x12  
  111  11:46  Roach x3  
  111  11:47  Zergling x2, Roach  
Show
View Real Time Build Order
Export as new Build Order

Has Protoss 

Build Orders: 1 Gate Expand 

Get SALT Encoding   

  12  0:00  Probe  
  13  0:12  Probe  
  14  0:18  Pylon  
  14  0:24  Probe (Chrono Boost)  
  15  0:38  Probe (Chrono Boost), Gateway  
  16  0:44  Probe (Chrono Boost)  
  16  0:48  Assimilator  
  17  0:52  Probe  
  18  1:04  Probe  
  19  1:16  Probe  
  20  1:24  Nexus  
  20  1:34  Cybernetics Core  
  20  1:36  Probe  
  21  1:44  Pylon  
  21  1:49  Probe  
  22  2:01  Probe  
  23  2:07  Stalker (Chrono Boost)  
  23  2:13  Probe  
  23  2:15  Warp Gate  
  26  2:25  Probe  
  27  2:37  Probe x2  
  28  2:39  Robotics Facility  
  28  2:40  Zealot  
  31  2:47  Gateway  
  31  2:49  Probe (Chrono Boost)  
  33  2:53  Probe (Chrono Boost), Gateway  
  33  3:03  Gateway  
  33  3:04  Probe x2 (Chrono Boost)  
  35  3:11  Probe  
  36  3:14  Probe  
  37  3:22  Gateway  
  37  3:25  Immortal (Chrono Boost)  
  37  3:32  Gateway  
  41  3:36  Gateway  
  41  3:40  Pylon  
  41  3:47  Probe  
  41  3:48  Pylon  
  44  3:56  Warp Prism (Chrono Boost)  
  44  4:05  Zealot x4  
  52  4:16  Pylon  
  52  4:20  Pylon  
  52  4:21  Zealot  
  54  4:37  Zealot x6  
  66  4:54  Zealot  
  66  4:57  Zealot  
  66  4:58  Zealot x3  
  46  5:18  Zealot x4  
  46  5:19  Zealot x3  
  58  5:31  Pylon  
  58  5:40  Zealot x5  
  58  5:41  Zealot  
  68  6:03  Zealot x6  
  68  6:04  Zealot  
  56  6:23  Zealot x3  
  56  6:24  Zealot x4  
  54  6:44  Zealot x7  
  52  7:08  Zealot x7  
  54  7:28  Zealot x7  
  50  7:48  Zealot x5  
  50  7:49  Zealot x2  
  54  7:52  Probe x2  
  50  8:04  Probe x2  
  46  8:09  Zealot x4  
  46  8:10  Zealot x2  
  58  8:20  Pylon  
  58  8:30  Probe x2, Assimilator  
  60  8:38  Pylon  
  60  8:42  Probe  
  60  8:47  Adept x2  
  65  8:54  Assimilator  
  65  8:55  Pylon  
  65  9:02  Immortal (Chrono Boost)  
  68  9:35  Robotics Bay  
  68  9:43  Pylon  
  68  9:46  Stalker x2  
  68  9:47  Zealot x4  
  80  10:02  Pylon  
  80  10:14  Zealot x3  
  80  10:15  Zealot  
  80  10:16  Zealot  
  88  10:25  Disruptor (Chrono Boost)  
  91  10:30  Nexus  
  91  10:31  Shield Battery  
  91  10:33  Shield Battery  
  91  10:38  Gateway  
  91  10:55  Observer (Chrono Boost)  
  91  10:56  Pylon  
  92  11:07  Stalker x5  
  102  11:12  Pylon  
  100  11:20  Disruptor (Chrono Boost)  
  99  11:27  Zealot  
  99  11:31  Zealot  
  83  11:39  Stalker  
  73  11:43  Stalker  
  71  11:53  Stalker  
  67  12:01  Zealot x2  
  67  12:07  Zealot  
Tags
 
Add a new tag
Caveats
  • Supply blocks, unpowered buildings, or Contaminate may cause inaccurate times.
  • Supply counts are checked every 10 seconds.